 Dungeon Crawl Stone Soup version 0.21.1-1-g345015f (webtiles) character file.

73 VLARC the Conjurer (level 3, -1/26 HPs)
             Began as a Demigod Conjurer on Feb 28, 2018.
             Slain by an ice beast (5 damage)
             ... on level 2 of the Dungeon.
             The game lasted 00:05:16 (2168 turns).

VLARC the Conjurer (Demigod Conjurer)               Turns: 2168, Time: 00:05:17

Health: -1/26      AC:  6    Str: 11    XL:     3   Next: 83%
Magic:  8/8        EV: 12    Int: 21    God:
Gold:   125        SH:  0    Dex: 16    Spells: 2/5 levels left

rFire    . . .     SeeInvis .   o - +0 quarterstaff
rCold    . . .     Gourm    .   (shield currently unavailable)
rNeg     . . .     Faith    .   q - +0 leather armour
rPois    .         Spirit   .   p - +1 helmet
rElec    .         Reflect  .   (no cloak)
rCorr    .         Harm     .   m - +0 pair of gloves
MR       .....                  (no boots)
Stlth    ++........             (no amulet)
HPRegen  0.08/turn              (no ring)
MPRegen  0.11/turn              (no ring)

@: no status effects
A: high mp 1
a: no special abilities


You were on level 2 of the Dungeon.
You were not hungry.

You visited 1 branch of the dungeon, and saw 3 of its levels.

You collected 125 gold pieces.

Inventory:

Hand Weapons
 o - a +0 quarterstaff (weapon)
Armour
 m - a +0 pair of gloves (worn)
 p - a +1 helmet (worn)
 q - a +0 leather armour (worn)
Scrolls
 d - 2 scrolls of identify {unknown}
 e - 2 scrolls of blinking {unknown}
 f - 4 scrolls of remove curse {unknown}
 g - a scroll of enchant weapon {unknown}
 h - a scroll of teleportation {unknown}
 i - a scroll of fog {unknown}
 l - a scroll of fear {unknown}
 n - a scroll of enchant armour {unknown}
Potions
 j - a potion of curing {unknown}
Books
 b - a book of Conjurations

   Spells                             Type                      Level
   a - Magic Dart                     Conjuration                  1
   b - Searing Ray                    Conjuration                  2
   c - Dazzling Spray                 Conjuration/Hexes            3
   d - Fulminant Prism                Conjuration/Hexes            4
   e - Force Lance                    Conjuration/Translocation    4
   f - Iskenderun's Mystic Blast      Conjuration                  4
Comestibles
 c - 2 rations


   Skills:
 - Level 1.7 Dodging
 - Level 1.7 Stealth
 - Level 1.7 Spellcasting
 + Level 5.1 Conjurations


You had 2 spell levels left.
You knew the following spells:

 Your Spells              Type           Power        Failure   Level  Hunger
a - Magic Dart            Conj           ###.         2%          1    #......
b - Searing Ray           Conj           ###...       3%          2    ###....


Dungeon Overview and Level Annotations

Branches:
Dungeon (3/15)


Innate Abilities, Weirdness & Mutations

You have an increased reservoir of magic. (+10% MP)


Message History

The searing ray hits the ice beast.
The ice beast is moderately wounded.
You finish channeling your searing ray.
The ice beast hits you. The ice beast freezes you!
There is a stone staircase leading down here.
The ice beast hits you. The ice beast freezes you!
Ouch! That really hurt!
* * * LOW HITPOINT WARNING * * *
You climb downwards.
There is a stone staircase leading up here.
A quokka comes into view.
There is a stone staircase leading up here.
The ice beast misses you.
You climb upwards.
There is a stone staircase leading down here.
You see here a goblin corpse.
The ice beast hits you.
* * * LOW HITPOINT WARNING * * *
The ice beast freezes you.
You die...

..........######.##.#####..#
########Y.# #.##.#####..#
#..## #.##.<......# ##...##
#.########.## #.###)# #.#
#.# #.# #)# #.# #.# #.###.#
#.# #.## # ##...## #.# #..#
# ##.## #@# ##.# # #.#
#Y#########.###### #.#
#.##....))........ #.#
##.##.######.######
#)#####.††#.# #.# #
#...........# #.# #
#.#####...########.## # #.#
##............### # #.#
#####.##........ .


You could see an ice beast.

Vanquished Creatures
  Robin (D:2)
  An adder (D:2)
  A worm (D:2)
  2 dart slugs (D:1)
  A ball python (D:1)
  A giant cockroach (D:1)
  9 goblins
  12 hobgoblins
  2 kobolds (D:2)
  7 bats
  7 rats
44 creatures vanquished.

Notes
Turn   | Place    | Note
-------+----------+-------------------------------------------
     0 | D:1      | VLARC the Demigod Conjurer began the quest for the Orb.
     0 | D:1      | Reached XP level 1. HP: 14/14 MP: 5/5
   183 | D:1      | Reached skill level 4 in Conjurations
   344 | D:1      | Reached XP level 2. HP: 20/20 MP: 0/7
  1245 | D:1      | Learned a level 2 spell: Searing Ray
  1397 | D:2      | Reached XP level 3. HP: 26/26 MP: 6/8
  1403 | D:2      | Noticed Robin
  1437 | D:2      | Killed Robin
  1535 | D:2      | Reached skill level 5 in Conjurations
  2096 | D:2      | Noticed an ice beast
  2168 | D:2      | Slain by an ice beast

Skill      XL: |  1  2  3 |
---------------+----------+-----
Conjurations   | 4 5 |  5.1
Dodging        | |  1.7
Stealth        | |  1.7
Spellcasting   | |  1.7

Action                   || total
-------------------------++-------
Melee: Unarmed           ||     2
       Short sword       ||    25
       Quarterstaff      ||     8
 Cast: Magic Dart        ||    72
       Searing Ray       ||     5
  Eat: Chunk             ||     5
Armor: Robe              ||     9
       Leather armour    ||     2
Dodge: Dodged            ||    34
